 Dungeon Crawl Stone Soup version 0.24-a0-536-gdd4cf15 (webtiles) character file.

Game seed: 3423510390598569383

1451 Bapo the Basher (level 8, -5/58 HPs)
             Began as a Demonspawn Berserker on Aug 12, 2019.
             Was an Elder of Trog.
             Slain by a cyan ugly thing (10 damage)
             ... on level 6 of the Dungeon.
             The game lasted 00:25:07 (5145 turns).

Bapo the Basher (Demonspawn Berserker)              Turns: 5145, Time: 00:25:08

Health: -5/58      AC: 10    Str: 25    XL:     8   Next: 47%
Magic:  8/8        EV: 30    Int:  8    God:    Trog [****..]
Gold:   366        SH:  0    Dex: 15    Spells: 7/7 levels left

rFire    . . .     SeeInvis .   l - +0 flail (crush)
rCold    . . .     Gourm    .   (no shield)
rNeg     . . .     Faith    .   o - +0 chain mail
rPois    .         Spirit   .   (no helmet)
rElec    .         Reflect  .   (no cloak)
rCorr    .         Harm     .   u - +0 pair of gloves
MR       .....                  f - +0 pair of boots
Stlth    ..........             r - amulet of the acrobat
HPRegen  0.19/turn              a - +6 ring of evasion
MPRegen  0.11/turn              h - +5 ring of strength

@: berserk cooldown, acrobat, slowed, very slow
A: claws 2, thin skeletal structure 1, spiny 1
a: Berserk, Trog's Hand, Brothers in Arms, Renounce Religion


You were on level 6 of the Dungeon.
You worshipped Trog.
Trog was greatly pleased with you.
You were hungry.

You visited 1 branch of the dungeon, and saw 6 of its levels.

You collected 366 gold pieces.

Inventory:

Hand Weapons
 b - a +0 hand crossbow
 g - a +1 mace
 l - a +0 flail of crushing (weapon)
 m - a +2 vampiric whip
Missiles
 e - 3 javelins (quivered)
Armour
 f - a +0 pair of boots (worn)
 o - a +0 chain mail (worn)
 t - a +0 robe of fire resistance
 u - a +0 pair of gloves (worn)
Magical Staves
 s - an uncursed staff of poison
Jewellery
 a - a +6 ring of evasion (left hand)
 d - a +3 ring of evasion
 h - a +5 ring of strength (right hand)
 j - an uncursed amulet of the gourmand
 n - an uncursed ring of fire
 q - the ring "Tiutsui" {rPois MP+9 Stlth+}
   (You found it on level 4 of the Dungeon)

   [ring of magical power]

   It protects you from poison.
   It affects your magic capacity (+9).
   It makes you more stealthy.
 r - an amulet of the acrobat (around neck)
Scrolls
 i - 3 scrolls of teleportation
 k - 2 scrolls of remove curse
 p - a scroll of identify
Comestibles
 c - 10 rations
 v - a chunk of flesh


   Skills:
 - Level 3.0 Fighting
 - Level 10.0 Maces & Flails
 + Level 1.7 Armour
 - Level 1.7 Dodging


You had 7 spell levels left.
You didn't know any spells.
Your spell library was empty.

Dungeon Overview and Level Annotations

Branches:
Dungeon (6/15)
 Temple: D:4-7

Altars:
Dithmenos
Hepliaklqana
Kikubaaqudgha
Makhleb
Sif Muna
Trog
Uskayaw
Wu Jian
Yredelemnul

Shops:
D:4 =

Annotations:
D:3 2 transporters


Innate Abilities, Weirdness & Mutations

You have very sharp fingernails.
You have a somewhat thin skeletal structure. (Dex +2, Stealth)
You are partially covered in sharp spines.


Message History

You feel a strong urge to attack something.
You are no longer berserk.
You are exhausted.
You feel yourself slow down.
Things that are here:
a +0 giant spiked club; an ogre corpse
There is an open door here.
The cyan ugly thing closely misses you.
The cyan ugly thing is struck by your spines.
The cyan ugly thing closely misses you. The cyan ugly thing misses you.
The cyan ugly thing is struck by your spines.
The cyan ugly thing misses you.
The adder skeleton is struck by your spines.
The adder skeleton completely misses you.
The cyan ugly thing completely misses you.
There is an open door here.
You are feeling hungry.
The cyan ugly thing gores you!
You die...

..........# #.# ..........#
####### #.# ..........#
#.....# #.# ..........#
#.....# #.#
......########.....######.#
......'............'......#
......########.....#####..#
......# ###########..#
......# #######@.......).#
......# #....Zu.#..#.#[..#
####### #.#.#.#..##..##..#
#..#..#..##..##..#
#.#.#.#.#..#.##..#
#.....#......##..#
##'############..#
#.)..#...'..##..#
#.##.#.#.#..# ...


You could see a cyan ugly thing and an adder skeleton.

Vanquished Creatures
  An orc warrior (D:6)
  A sky beast (D:6)
  A phantom (D:4)
  A black bear (D:6)
  2 ogres
  Blork the orc (D:5)
  2 bullfrogs (D:6)
  The ghost of dragoon the Sneak, a weakling VSAs (D:4)
  3 hounds
  A quasit (D:5)
  2 jellies (D:5)
  3 orc priests
  An iguana (D:4)
  3 orc wizards
  A worker ant (D:4)
  A hound zombie (D:3)
  2 hound skeletons
  A worker ant zombie (D:5)
  Robin (D:3)
  7 adders
  3 gnolls (D:4)
  A worm (D:3)
  4 dart slugs
  2 leopard geckos
  21 orcs
  4 ball pythons
  7 bats
  A giant cockroach (D:2)
  16 goblins
  11 hobgoblins
  3 jackals (D:3)
  A quokka (D:3)
  7 frilled lizards
  8 kobolds
  A leopard gecko zombie (D:5)
  6 rats
132 creatures vanquished.

Notes
Turn   | Place    | Note
-------+----------+-------------------------------------------
     0 | D:1      | Bapo the Demonspawn Berserker began the quest for the Orb.
     0 | D:1      | Reached XP level 1. HP: 18/18 MP: 1/1
   106 | D:1      | Reached skill level 3 in Maces & Flails
   140 | D:1      | Gained mutation: You have a somewhat thin skeletal
                  | structure. (Dex +2, Stealth) [demonic ancestry]
   140 | D:1      | Reached XP level 2. HP: 24/24 MP: 2/2
   638 | D:2      | Gained mutation: You have sharp fingernails. [demonic
                  | ancestry]
   638 | D:2      | Reached XP level 3. HP: 29/29 MP: 3/3
   689 | D:2      | Reached ** piety under Trog
   915 | D:2      | Reached skill level 4 in Maces & Flails
  1290 | D:2      | Found a hide-covered altar of Uskayaw.
  1477 | D:2      | Gained mutation: You are partially covered in sharp spines.
                  | [demonic ancestry]
  1477 | D:2      | Reached XP level 4. HP: 19/35 MP: 4/4
  1766 | D:2      | Reached skill level 5 in Maces & Flails
  2005 | D:2      | Reached XP level 5. HP: 15/41 MP: 5/5
  2235 | D:3      | Found a burning altar of Makhleb.
  2247 | D:3      | Found a basalt altar of Yredelemnul.
  2293 | D:3      | Found a transporter.
  2297 | D:3      | Found a transporter.
  2299 | D:3      | Found a bloodstained altar of Trog.
  2311 | D:3      | Noticed a water moccasin
  2326 | D:3      | Noticed Robin
  2343 | D:3      | Reached *** piety under Trog
  2351 | D:3      | Killed Robin
  2386 | D:3      | Reached skill level 6 in Maces & Flails
  2808 | D:3      | Noticed a sky beast
  2865 | D:4      | Reached XP level 6. HP: 47/47 MP: 6/6
  3251 | D:4      | Found an ornate altar of the Wu Jian Council.
  3370 | D:4      | Got a twitching platinum ring
  3375 | D:4      | Identified the ring "Tiutsui" {rPois MP+9 Stlth+} (You
                  | found it on level 4 of the Dungeon)
  3448 | D:4      | Reached skill level 7 in Maces & Flails
  3483 | D:4      | Found a runed translucent door.
  3484 | D:4      | Noticed dragoon's ghost (weakling VSAs)
  3497 | D:4      | Killed dragoon's ghost
  3497 | D:4      | Reached XP level 7. HP: 52/52 MP: 7/7
  3633 | D:4      | Found Tisyloqoph's Jewellery Shoppe.
  3996 | D:5      | Entered Level 5 of the Dungeon
  3998 | D:5      | Found a shadowy altar of Dithmenos.
  4085 | D:5      | Noticed Blork the orc
  4092 | D:5      | Killed Blork the orc
  4144 | D:5      | Reached skill level 8 in Maces & Flails
  4482 | D:5      | Found a hazy altar of Hepliaklqana.
  4520 | D:5      | Found a shimmering blue altar of Sif Muna.
  4536 | D:5      | Reached **** piety under Trog
  4937 | D:6      | Found an ancient bone altar of Kikubaaqudgha.
  4992 | D:6      | Reached skill level 9 in Maces & Flails
  4992 | D:6      | Gained mutation: You have very sharp fingernails. [demonic
                  | ancestry]
  4992 | D:6      | Reached XP level 8. HP: 58/58 MP: 8/8
  5063 | D:6      | Noticed a cyan ugly thing
  5124 | D:6      | Reached skill level 10 in Maces & Flails
  5131 | D:6      | HP: 3/87 [cyan ugly thing (16)]
  5145 | D:6      | Slain by a cyan ugly thing

Levels and vault maps discovered:
D:1:      dpeg_arrival_rooms_c, layout_rooms
D:2:      layout_loops_ring, eat_drink_and_be_merry_uskayaw
D:3:      layout_basic, lemuel_crystal_altar, gammafunk_temple_overflow_arena,
          lemuel_doored_altar, uniq_robin
D:4:      layout_loops_corners, overflow_temple_1_default, serial_shops, shop,
          gammafunk_ghost_grave, st_stairs_9, skrybe_limestone_x
D:5:      layout_loops_ring, nicolae_dithmenos_shadow_blocks,
          nicolae_overflow_hidden_temple, first_ration, basic_altar,
          uniq_blork_the_orc
D:6:      minmay_clustersquares, layout_basic, kiku_gazebo_garden_becter

Skill      XL: |  1  2  3  4  5  6  7  8 |
---------------+-------------------------+-----
Maces & Flails | 3 4 5 6 7 9 10 | 10.0
Fighting       | |  3.0
Armour         | |  1.7
Dodging        | |  1.7

Action                   |  1- 3 |  4- 6 |  7- 9 || total
-------------------------+-------+-------+-------++-------
Melee: Mace              |   111 |     4 |       ||   115
       Flail             |       |    87 |    99 ||   186
       Whip              |       |     9 |       ||     9
Throw: Javelin           |       |     7 |     2 ||     9
Invok: Berserk           |     2 |     5 |     5 ||    12
       Trog's Hand       |       |     1 |       ||     1
  Use: Potion            |     4 |     3 |     3 ||    10
       Scroll            |     5 |     1 |       ||     6
 Stab: Sleeping          |     4 |     2 |       ||     6
  Eat: Ration            |     1 |     2 |     1 ||     4
       Chunk             |       |     6 |     4 ||    10
Armor: Animal skin       |    30 |     8 |       ||    38
       Chain mail        |       |     5 |    29 ||    34
Dodge: Dodged            |    94 |    89 |    61 ||   244

Table legend:
 A = Non-vault XP
 B = Vault XP
 C = Vault XP percentage of total XP
 D = Non-vault monster count
 E = Vault monster count
 F = Vault count percentage of total count
                 A         B        C        D         E       F
            +---------+---------+-------+---------+---------+-------
      Total |    1403 |     671 |  32.4 |     112 |      20 |  15.2
            +---------+---------+-------+---------+---------+-------
        D:1 |      35 |       0 |   0.0 |      20 |       0 |   0.0
        D:2 |     166 |       0 |   0.0 |      27 |       0 |   0.0
        D:3 |     130 |      36 |  21.7 |      27 |      12 |  30.8
        D:4 |     391 |      59 |  13.1 |      14 |       2 |  12.5
        D:5 |     342 |      99 |  22.4 |      11 |       1 |   8.3
        D:6 |     339 |     477 |  58.5 |      13 |       5 |  27.8
            +---------+---------+-------+---------+---------+-------
